 Dungeon Crawl Stone Soup version 0.24.1-14-gf8d2b509d9 (webtiles) character file.

Game seed: 15360551142787692158, levelgen mode: deterministic

247 Hugehornet the Cudgeler (level 6, -8/37 HPs)
             Began as a Gargoyle Fighter on May 24, 2020.
             Killed from afar by a white imp (9 damage)
             ... with a puff of frost
             ... summoned by Natasha
             ... on level 3 of the Dungeon.
             The game lasted 00:04:18 (3938 turns).

Hugehornet the Cudgeler (Gargoyle Fighter)          Turns: 3938, Time: 00:04:18

Health: -8/37      AC: 15    Str: 20    XL:     6   Next: 11%
Magic:  6/6        EV:  5    Int:  8    God:
Gold:   202        SH:  9    Dex:  9    Spells: 5/5 levels left

rFire    . . .     SeeInvis .   s - +0 morningstar
rCold    . . .     Gourm    .   c - +0 shield
rNeg     + . .     Faith    .   i - +0 chain mail
rPois    ∞         Spirit   .   (no helmet)
rElec    +         Reflect  .   o - +0 cloak
rCorr    .         Harm     .   k - +0 pair of gloves (curse)
MR       .....                  (no boots)
Stlth    ..........             (no amulet)
HPRegen  0.12/turn              j - ring of flight
MPRegen  0.10/turn              q - -2 ring of intelligence (curse)

@: slowed, very slow
A: negative energy resistance 1, electricity resistance, unbreathing,
petrification resistance, rot immunity, AC +4
a: Evoke Flight


You were on level 3 of the Dungeon.
You were not hungry.

You visited 1 branch of the dungeon, and saw 3 of its levels.

You collected 202 gold pieces.

Inventory:

Hand Weapons
 a - a +0 flail
 s - a +0 morningstar (weapon)
Armour
 c - a +0 shield (worn)
 i - a +0 chain mail (worn)
 k - a cursed +0 pair of gloves (worn)
 o - a +0 cloak (worn)
Jewellery
 j - a ring of flight (left hand)
 q - a cursed -2 ring of intelligence (right hand)
Wands
 e - a wand of flame (18)
Scrolls
 b - a scroll of enchant armour
 g - a scroll of enchant weapon
 l - a scroll of remove curse {unknown}
 m - 2 scrolls of fog
 p - a scroll of teleportation {unknown}
Potions
 d - 2 potions of might
 h - a potion of resistance
 n - a potion of curing {unknown}
Comestibles
 f - 5 rations


   Skills:
 - Level 3.2 Fighting
 + Level 6.2 Maces & Flails
 - Level 3.2 Armour
 - Level 3.2 Shields


You had 5 spell levels left.
You didn't know any spells.
Your spell library was empty.

Dungeon Overview and Level Annotations

Branches:
Dungeon (3/15)

Altars:
Nemelex Xobeh
Trog

Annotations:
D:3 Natasha


Innate Abilities, Weirdness & Mutations

You are resistant to torment.
Your stone body is resilient. (AC +4)
You are immune to poison.
You resist negative energy. (rN+)
You are resistant to electric shocks. (rElec)
You can survive without breathing.
You are immune to petrification.
You are immune to rotting.


Message History

Natasha is severely wounded.
You block the white imp's attack.
Natasha casts a spell.
You block the white imp's attack. You block Natasha's attack.
Your shield and chain mail prevent you from hitting Natasha.
Natasha is severely wounded.
The white imp gestures at you. The puff of frost hits you!
* * * LOW HITPOINT WARNING * * *
Natasha claws you but does no damage. The white imp gestures at you.
The puff of frost hits you but does no damage.
The white imp gestures at you. The puff of frost hits you.
* * * LOW HITPOINT WARNING * * *
Natasha extends her claws.
Natasha zaps a wand.
You block the puff of flame. The white imp gestures at you.
The puff of frost hits you!
You die...

###.####### ##........<#........
.##....# ##.....######...####.
.##....## ##.......## #.....##.
.###....####.........####...#.##)
...........'..<...(..'........##.
.####...####.........####......(.
.# #..## ##.......## ##.##.##.
.####.## ##.5h5.## #.##.##.
.##...# ##.@.## #!...... ###.###
##'## ####.### #.# ######.### #.#
#.# #........# #.# #.# #.##.....#
#.# #.# #.##.###.# #.#
#.#######.##.# #.# #.#
#.....)......###.##########.#
#########.##................#


You could see Natasha and 2 white imps.

Vanquished Creatures
  Crazy Yiuf (D:2)
  Terence (D:3)
  An orc wizard (D:3)
  Natasha (twice) (D:3)
  A worker ant zombie (D:3)
  An adder (D:2)
  An adder zombie (D:3)
  An adder skeleton (D:3)
  4 worms
  4 dart slugs
  4 leopard geckos
  4 orcs (D:3)
  A ball python (D:3)
  A giant cockroach (D:1)
  8 goblins
  4 hobgoblins (D:2)
  4 jackals (D:3)
  2 quokkas (D:3)
  6 bats
  7 kobolds
  A leopard gecko skeleton (D:3)
  6 rats
65 creatures vanquished.

Notes
Turn   | Place    | Note
-------+----------+-------------------------------------------
     0 | D:1      | Hugehornet the Gargoyle Fighter began the quest for the
                  | Orb.
     0 | D:1      | Reached XP level 1. HP: 14/14 MP: 1/1
   266 | D:1      | Reached XP level 2. HP: 19/19 MP: 2/2
   719 | D:1      | Reached skill level 3 in Maces & Flails
   850 | D:2      | Reached XP level 3. HP: 22/23 MP: 3/3
  1039 | D:2      | Found a runed translucent door.
  1040 | D:2      | Noticed Crazy Yiuf
  1475 | D:2      | Reached skill level 4 in Maces & Flails
  1711 | D:2      | Paralysed by Crazy Yiuf for 2 turns
  1995 | D:2      | Killed Crazy Yiuf
  1995 | D:2      | Reached XP level 4. HP: 25/28 MP: 4/4
  2180 | D:3      | Noticed Natasha
  2191 | D:3      | Killed Natasha
  2366 | D:3      | Reached skill level 5 in Maces & Flails
  2366 | D:3      | Reached XP level 5. HP: 24/32 MP: 5/5
  2836 | D:3      | Noticed Terence
  2868 | D:3      | Killed Terence
  2961 | D:3      | Noticed Natasha
  2968 | D:3      | Killed Natasha
  3290 | D:3      | Reached skill level 6 in Maces & Flails
  3341 | D:3      | Reached XP level 6. HP: 8/37 MP: 6/6
  3714 | D:3      | Found a sparkling altar of Nemelex Xobeh.
  3714 | D:3      | Found a bloodstained altar of Trog.
  3925 | D:3      | Noticed Natasha
  3938 | D:3      | HP: 1/37 [white imp/puff of frost[Natasha] (4)]
  3938 | D:3      | Killed from afar by a white imp

Levels and vault maps discovered:
D:1:      scummos_arrival_gate, layout_loops_ring
D:2:      layout_loops_ring, uniq_crazy_yiuf_cottage
D:3:      layout_loops_corners, gammafunk_temple_overflow_statue, serial_undead,
          serial_undead_c, serial_undead_b, serial_undead_f, serial_undead_c,
          st_stairs_14, uniq_terence, uniq_natasha

Skill      XL: |  1  2  3  4  5 |
---------------+----------------+-----
Maces & Flails | 3 4 5 6 |  6.2
Fighting       | |  3.2
Armour         | |  3.2
Shields        | |  3.2

Action                   |  1- 3 |  4- 6 || total
-------------------------+-------+-------++-------
Melee: Flail             |   132 |   113 ||   245
       Morningstar       |       |    98 ||    98
  Use: Scroll            |       |     5 ||     5
       Potion            |       |     1 ||     1
  Eat: Chunk             |     3 |     7 ||    10
Armor: Scale mail        |     5 |       ||     5
       Chain mail        |    65 |   142 ||   207
Dodge: Dodged            |    30 |    46 ||    76
Block: Shield            |    64 |   112 ||   176
